 Dungeon Crawl Stone Soup version 0.14.0-15-g6b16f67 (webtiles) character file.

637 Kejsarherre the Grave Robber (level 7, -5/41 HPs)
             Began as an Octopode Necromancer on Apr 18, 2014.
             Killed from afar by an orc wizard (8 damage)
             ... with a magic dart
             ... on Level 6 of the Dungeon.
             The game lasted 00:16:48 (4850 turns).

Kejsarherre the Grave Robber (Octopode Necromancer) Turns: 4850, Time: 00:16:48

HP  -5/41        AC  1     Str  7      XL: 7   Next: 27%
MP  12/15        EV 12     Int 20      God:
Gold 95          SH  0     Dex 12      Spells:  4 memorised,  3 levels left

rFire  . . .     SeeInvis .     a - +2,+1 whip (elec)
rCold  . . .     Clarity  .     (no shield)
rNeg   . . .     Conserve .     (helmet restricted)
rPois  .         rCorr    .     (no amulet)
rElec  .         rRot     .     l - ring of flight
SustAb . .       Spirit   .     (no ring)
rMut   .         Warding  .     (no ring)
Saprov . . .     Stasis   .     (no ring)
MR     .....                    (no ring)
                                (no ring)
                                (no ring)
                                (no ring)

@: regenerating, confused, very slightly contaminated, hasted, very quick, not
resistant to hostile enchantments, fairly stealthy
A: almost no armour, amphibious, 8 rings, constrict 8, camouflage 1, gelatinous
body 1
a: Evoke Flight


You were on level 6 of the Dungeon.
You were hungry.

You visited 1 branch of the dungeon, and saw 6 of its levels.
You also visited: Sewer.

You collected 188 gold pieces.
You spent 93 gold pieces at shops.

Inventory:

Hand weapons
 a - a +2,+1 whip of electrocution (weapon)
 d - a +0,+0 dagger
 i - a +0,+0 short sword
Missiles
 A - a javelin (quivered)
Comestibles
 c - 4 bread rations
 g - a choko
 r - 2 meat rations
 t - a honeycomb
 u - 2 chunks of orc flesh
Scrolls
 e - a scroll of enchant weapon II
 f - a scroll of fear
 m - a scroll of enchant armour
 o - 2 scrolls of remove curse
 q - 2 scrolls of fog
 s - a scroll of enchant weapon I
 y - a scroll of amnesia
 C - a scroll of teleportation
Jewellery
 l - a ring of flight (left tentacle)
Potions
 p - a potion of haste
 v - a potion of resistance
 w - a potion of flight
 x - 2 potions of agility
 z - 2 potions of restore abilities
Books
 b - a book of Necromancy

   Spells                             Type                      Level
   *Pain                              Necromancy                   1
   Animate Skeleton                   Necromancy                   1
   Lethal Infusion                    Charms/Necromancy            2
   Vampiric Draining                  Necromancy                   3
   *Regeneration                      Charms/Necromancy            3
   *Animate Dead                      Necromancy                   4
   Control Undead                     Necromancy                   4
 j - a book of Minor Magic

   Spells                             Type                      Level
   Magic Dart                         Conjuration                  1
   *Blink                             Translocation                2
   Call Imp                           Summoning                    2
   Repel Missiles                     Charms/Air                   2
   Slow                               Hexes                        2
   Conjure Flame                      Conjuration/Fire             3
   Mephitic Cloud                     Conjuration/Poison/Air       3
 k - a book of Power

   Spells                             Type                      Level
   Fulminant Prism                    Conjuration/Hexes            4
   Iskenderun's Mystic Blast          Conjuration                  4
   Venom Bolt                         Conjuration/Poison           5
   Bolt of Magma                      Conjuration/Fire/Earth       5
   Iron Shot                          Conjuration/Earth            6
   Orb of Destruction                 Conjuration                  7


   Skills:
 - Level 2.0 Dodging
 - Level 2.6 Stealth
 + Level 3.6 Spellcasting
 + Level 7.6 Necromancy
 + Level 1.4 Translocations


You had 3 spell levels left.
You knew the following spells:

 Your Spells              Type           Power        Failure   Level  Hunger
a - Pain                  Necr           ####         1%          1    None
b - Regeneration          Chrm/Necr      ###.......   10%         3    ###....
c - Animate Dead          Necr           N/A          8%          4    ####...
d - Blink                 Tloc           N/A          14%         2    ##.....


Dungeon Overview and Level Annotations

Branches:
Dungeon (6/15)
 Temple: D:4-7

Altars:
Xom
Zin

Shops:
D:2 *   D:5 *


Innate Abilities, Weirdness & Mutations

You cannot wear most types of armour.
You are amphibious.
You can wear up to eight rings at the same time.
You can use your tentacles to constrict many enemies at once.
Your skin changes colour to match your surroundings (Stlth).
Your rubbery body absorbs attacks (AC +1).


Message History

You hit the orc wizard.
You kill the orc wizard!
You hear some strange, mumbled words.
The magic dart hits you!
* * * LOW HITPOINT WARNING * * *
You barely miss something. Your squeeze misses something.
Something hits you but does no damage.
Drink which item? (? for menu, Esc to quit)
You feel yourself speed up. Something hits you.
* * * LOW HITPOINT WARNING * * *
You are very lightly contaminated with residual magic.
Casting: Regeneration
Confirm with . or Enter, or press ? or * to list all spells.
Your skin crawls.
You hear some strange, mumbled words.
You are confused.
You completely miss something. You squeeze something.
You hear some strange, mumbled words.
The magic dart hits you!
You die...

#.# #.# #.# #.#
#.# #.# #.# #.#
.#######@#########
.......){.........
########<#########
###


There were no monsters in sight!

Vanquished Creatures
  A big kobold (Sewer)
  A crimson imp (D:5)
  An orc priest (D:5)
  A big fish (Sewer)
  A worker ant (D:4)
  2 orc wizards
  10 adders
  2 green rats (Sewer)
  A worm zombie (D:5)
  4 giant mites
  4 worms
  8 giant geckos
  2 oozes (D:2)
  10 orcs
  15 goblins
  11 hobgoblins
  17 jackals
  5 quokkas
  10 bats
  3 giant cockroaches
  3 giant newts
  13 kobolds
  An orc zombie (D:3)
  14 rats
  A rat zombie (D:5)
141 creatures vanquished.

Vanquished Creatures (collateral kills)
  An orc (D:5)
  A jackal (D:4)
2 creatures vanquished.

Vanquished Creatures (others)
  An adder zombie (D:5)
  2 goblin zombies
  A hobgoblin zombie (D:5)
  A kobold zombie (D:5)
  A rat zombie (D:5)
6 creatures vanquished.

Grand Total: 149 creatures vanquished

Notes
Turn   | Place    | Note
--------------------------------------------------------------
     0 | D:1      | Kejsarherre, the Octopode Necromancer, began the quest for the Orb.
     0 | D:1      | Reached XP level 1. HP: 11/11 MP: 3/3
   381 | D:1      | Reached XP level 2. HP: 6/17 MP: 3/5
   602 | D:1      | Found a shimmering altar of Xom.
   602 | D:1      | Found a shimmering altar of Xom.
   602 | D:1      | Found a shimmering altar of Xom.
   602 | D:1      | Found a shimmering altar of Xom.
   602 | D:1      | Found a shimmering altar of Xom.
   896 | D:1      | Reached XP level 3. HP: 19/21 MP: 8/8
   901 | D:1      | Learned a level 3 spell: Regeneration
   932 | D:1      | Found a shimmering altar of Xom.
   933 | D:1      | Found a shimmering altar of Xom.
   965 | D:1      | Found a shimmering altar of Xom.
   965 | D:1      | Found a shimmering altar of Xom.
  1467 | D:2      | Found Zin's Purification Station.
  1471 | D:2      | Found a glowing silver altar of Zin.
  1713 | D:2      | Reached XP level 4. HP: 12/27 MP: 9/9
  1950 | D:2      | Reached skill level 5 in Necromancy
  2376 | D:3      | Noticed an orc warrior
  2415 | D:2      | Learned a level 4 spell: Animate Dead
  2461 | D:3      | Reached XP level 5. HP: 10/31 MP: 4/11
  2760 | D:3      | Found a glowing drain.
  2775 | D:3      | Reached skill level 6 in Necromancy
  2788 | Sewer    | Entered a sewer
  2926 | Sewer    | Reached XP level 6. HP: 18/36 MP: 9/13
  3011 | Sewer    | Found a white marble altar of Elyvilon.
  3326 | D:3      | Reached skill level 7 in Necromancy
  4048 | D:5      | Entered Level 5 of the Dungeon
  4384 | D:4      | Learned a level 2 spell: Blink
  4635 | D:5      | Found Kliabri's Assorted Antiques.
  4641 | D:5      | Bought a scroll of identify for 48 gold pieces
  4641 | D:5      | Bought a scroll labeled VESONK UN TEL for 24 gold pieces
  4643 | D:5      | Bought a slimy silvery potion for 21 gold pieces
  4683 | D:5      | Reached XP level 7. HP: 41/41 MP: 10/15
  4688 | D:5      | Reached skill level 1 in Translocations
  4836 | D:6      | HP: 1/41 [orc wizard/flail (8)]
  4848 | D:6      | HP: 1/41 [something (5)]
  4850 | D:6      | Killed from afar by an orc wizard

Action                   |  1- 3 |  4- 6 |  7- 9 || total
-------------------------+-------+-------+-------++-------
Melee: Unarmed           |    16 |       |       ||    16
       Dagger            |    35 |       |       ||    35
       Short sword       |    16 |   115 |       ||   131
       Whip              |       |    97 |    25 ||   122
Throw: Javelin           |       |     1 |       ||     1
 Cast: Pain              |    21 |    30 |     5 ||    56
       Regeneration      |       |    19 |     2 ||    21
       Animate Dead      |       |     8 |       ||     8
  Use: Potion            |     1 |     3 |     5 ||     9
       Scroll            |     1 |    13 |       ||    14
 Stab: Sleeping          |     3 |    10 |       ||    13
       Distracted        |       |     1 |       ||     1
